 Dungeon Crawl Stone Soup version 0.30-a0-2-gf48d83f5e2 (webtiles) character file.

Game seed: 18167093396854956526

804 KleinerIrrer the Conjurer (level 7, -2/45 HPs)
             Began as a Grey Draconian Conjurer on Aug 19, 2022.
             Was a Follower of Vehumet.
             Slain by a mummy (11 damage)
             ... on level 5 of the Dungeon.
             The game lasted 00:15:34 (5515 turns).

KleinerIrrer the Conjurer (Grey Draconian Conjurer) Turns: 5515, Time: 00:15:35

Health: -2/45      AC: 12    Str: 10    XL:     7   Next: 60%
Magic:  15/15      EV: 11    Int: 20    God:    Vehumet [*.....]
Gold:   345        SH:  2    Dex:  9    Spells: 12/16 levels left

rFire   + . .      SeeInvis .    o - +8 club
rCold   + . .      Faith    .    c - +0 buckler
rNeg    . . .      Spirit   .    (body armour unavailable)
rPois   +          Reflect  .    (helmet restricted)
rElec   .          Harm     .    q - scarf {rC+ rF+}
rCorr   .          Rampage  .    (no gloves)
Will    .....                    d - +0 pair of boots
Stlth   ++........               (no amulet)
HPRegen 0.15/turn                (no ring)
MPRegen 0.14/turn                (no ring)

@: no status effects
A: AC +11, amphibious, unfitting armour, cold-blooded, frail 1, poison
resistance, wild magic 1, devolution 1
a: Renounce Religion


You were on level 5 of the Dungeon.
You worshipped Vehumet.
Vehumet was aware of your devotion.
You visited 1 branch of the dungeon, and saw 5 of its levels.

You collected 345 gold pieces.

Inventory:

Hand Weapons
 o - a +8 club (weapon)
 r - a +4 hand axe of flaming
Missiles
 g - 2 silver javelins
 h - 6 poisoned darts
 l - 3 javelins
Armour
 c - a +0 buckler (worn)
 d - a +0 pair of boots (worn)
 q - a scarf of resistance (worn)
Jewellery
 u - a ring of resist corrosion
 y - a ring of flight
Scrolls
 b - 2 scrolls of identify {unknown}
 e - 9 scrolls of teleportation
 k - a scroll of poison
 m - a scroll of immolation {unknown}
 p - a scroll of enchant armour {unknown}
 t - a scroll of amnesia {unknown}
 v - a scroll of magic mapping {unknown}
 A - a scroll of blinking {unknown}
 B - a scroll of fear {unknown}
Potions
 a - 2 potions of heal wounds {unknown}
 i - 2 potions of mutation
 j - a potion of might {unknown}
 n - 3 potions of resistance {unknown}
 s - a potion of ambrosia {unknown}
 w - a potion of curing {unknown}
 x - a potion of brilliance {unknown}
 z - a potion of lignification {unknown}


   Skills:
 - Level 1.7 Dodging
 - Level 1.7 Stealth
 + Level 5.4 Spellcasting
 * Level 7.6 Conjurations


You had 12 spell levels left.
You knew the following spells:

 Your Spells              Type           Power      Damage    Failure   Level
a - Magic Dart            Conj           100%       1d8       1%          1
b - Searing Ray           Conj           94%        2d7       2%          2
c - Sandblast             Erth           14%        2d6       22%         1

Your spell library contained the following spells:

 Spells                   Type           Power      Damage    Failure   Level
 Dazzling Flash           Conj/Hex       54%        N/A       14%         3
 Fulminant Prism          Conj/Hex       13%        3d9       38%         4
 Iskenderun's Mystic Bla  Conj/Tloc      27%        2d7       38%         4
 Gell's Gravitas          Tloc           7%         N/A       50%         3
 Inner Flame              Hex/Fire       7%         N/A       50%         3
 Teleport Other           Tloc           7%         N/A       50%         3
 Cause Fear               Hex            3%         N/A       88%         4
 Dispersal                Tloc           3%         N/A       100%        6
 Discord                  Hex            3%         N/A       100%        8


Dungeon Overview and Level Annotations

Branches:
Dungeon (5/15)
 Temple: D:4-7

Altars:
Ashenzari
Elyvilon
Uskayaw
Vehumet

Shops:
D:1 (   D:2 :

Portals:
Ossuary: D:5


Innate Abilities, Weirdness & Mutations

Your dull iron-grey scales are very hard. (AC +11)
You are amphibious.
You cannot fit into any form of body armour.
You are cold-blooded and may be slowed by cold attacks.
You are frail. (-10% HP)
Your system is resistant to poisons. (rPois)
Your spells are a little harder to cast, but a little more powerful.
You have hidden genetic defects.


Message History

You hear the hiss of an avalanche of sand nearby.
Found a helmet.
You feel a genetic drift.
You feel frail.
You open the door.
A kobold zombie comes into view.
The kobold zombie hits you but does no damage.
You are too injured to fight recklessly!
You hit the kobold zombie. You tail-slap the kobold zombie.
The kobold zombie is almost destroyed.
The kobold zombie hits you.
You hit the kobold zombie.
You destroy the kobold zombie!
Vehumet accepts your kill.
You feel your power returning.
You feel yourself speed up.
You open the door.
A mummy comes into view.
Found a sand-covered staircase.
You barely miss the mummy. You sock the mummy!
The mummy is moderately damaged.
The mummy hits you!
You hit the mummy.
The mummy is severely damaged.
The mummy closely misses you.
You barely miss the mummy.
You tail-slap the mummy, but do no damage.
The mummy is severely damaged.
The mummy hits you but does no damage.
You hit the mummy.
The mummy is severely damaged.
The mummy misses you.
You hit the mummy but do no damage.
The mummy is severely damaged.
The mummy hits you.
* * * LOW HITPOINT WARNING * * *
You hit the mummy but do no damage.
The mummy is severely damaged.
The mummy hits you!
You die...

#.#####+...##
#........#.#
.####..##.#
##..###.#
....##.'.#
##..#.###.#
#..##..##.#
#..###...#.#
..##∩M@....#
#. ###...#.#
#..##...
#.###.###
..## +.# .#.
#.# . .. #.#
##. .#


You could see a mummy.

Vanquished Creatures
  A wraith (D:5)
  Menkaure (D:5)
  An ice beast (D:5)
  A phantom (D:3)
  An orc priest (D:3)
  A hound (D:4)
  Jessica (D:2)
  Natasha (twice) (D:3)
  7 gnolls (D:4)
  4 adders
  An ufetubus (D:5)
  2 worms
  3 dart slugs
  5 orcs (D:3)
  7 endoplasms
  5 giant cockroaches
  4 goblins
  8 hobgoblins
  11 jackals
  13 kobolds
  4 quokkas
  10 ball pythons
  11 bats
  3 frilled lizards
  A kobold zombie (D:5)
  6 rats
114 creatures vanquished.

Vanquished Creatures (others)
  2 plants (D:1)
2 creatures vanquished.

Grand Total: 116 creatures vanquished

Notes
Turn   | Place    | Note
-------+----------+-------------------------------------------
     0 | D:1      | KleinerIrrer the Draconian Conjurer began the quest for the
                  | Orb.
     0 | D:1      | Reached XP level 1. HP: 14/14 MP: 3/3
   227 | D:1      | Found Siytaene's Weapon Boutique.
   256 | D:1      | Found a faded altar of an unknown god.
   313 | D:1      | Reached XP level 2. HP: 20/20 MP: 0/5
  1082 | D:1      | Reached XP level 3. HP: 26/26 MP: 1/7
  1421 | D:1      | Learned a level 2 spell: Searing Ray
  1679 | D:2      | Found Isua's Book Shoppe.
  1779 | D:2      | Noticed Jessica
  1783 | D:2      | Killed Jessica
  1784 | D:2      | Reached XP level 4. HP: 33/33 MP: 1/8
  2008 | D:2      | Found a radiant altar of Vehumet.
  2019 | D:2      | Became a worshipper of Vehumet
  2026 | D:2      | Reached skill level 5 in Conjurations
  3083 | D:3      | Reached XP level 5. HP: 27/38 MP: 2/10
  3251 | D:3      | Found a white marble altar of Elyvilon.
  3267 | D:3      | Noticed Natasha
  3270 | D:3      | Killed Natasha
  3323 | D:3      | Reached * piety under Vehumet
  3323 | D:3      | Offered knowledge of Sandblast by Vehumet.
  3325 | D:3      | Noticed a phantom
  3334 | D:3      | Killed a phantom
  3335 | D:3      | Reached XP level 6. HP: 37/45 MP: 1/12
  3984 | D:3      | Noticed Natasha
  3989 | D:3      | Killed Natasha
  3990 | D:3      | Reached skill level 6 in Conjurations
  4410 | D:4      | Noticed a +0 short sword
  4410 | D:4      | Noticed a +0 dagger
  4411 | D:4      | Noticed a +0 dagger
  4411 | D:4      | Noticed a +0 spear
  4411 | D:4      | Noticed a +0 spear
  4412 | D:4      | Noticed a +0 short sword
  4412 | D:4      | Noticed a +0 falchion
  4413 | D:4      | Noticed a +0 falchion
  4938 | D:4      | Found a broken altar of Ashenzari.
  4984 | D:4      | Found a hide-covered altar of Uskayaw.
  5147 | D:5      | Entered Level 5 of the Dungeon
  5305 | D:5      | Noticed Menkaure
  5305 | D:5      | Noticed an ice beast
  5310 | D:5      | Killed Menkaure
  5311 | D:5      | Reached skill level 5 in Spellcasting
  5311 | D:5      | Your scales start taking on a dull iron-grey colour.
  5311 | D:5      | Reached XP level 7. HP: 49/50 MP: 7/14
  5315 | D:4      | Learned a level 1 spell: Sandblast
  5328 | D:5      | Reached skill level 7 in Conjurations
  5463 | D:5      | Noticed a wraith
  5478 | D:5      | Gained mutation: Your spells are a little harder to cast,
                  | but a little more powerful. [potion of mutation]
  5478 | D:5      | Gained mutation: You have hidden genetic defects. [potion
                  | of mutation]
  5478 | D:5      | Gained mutation: Your system is resistant to poisons.
                  | (rPois) [potion of mutation]
  5481 | D:5      | Killed a wraith
  5485 | D:5      | Gained mutation: You are frail. (-10% HP) [hidden defects]
  5508 | D:5      | Found a sand-covered staircase.
  5515 | D:5      | Slain by a mummy

Illustrated notes

Levels and vault maps discovered:
D:1:      sevenhm_arrival_forest_fort_small_4, layout_loops_ring,
          chequers_ecumenical_altar_island, serial_shops, nicolae_shop_stone,
          chequers_avenue
D:2:      layout_loops_ring, basic_altar, serial_shops, shop_statue,
          uniq_jessica
D:3:      layout_basic, elyvilon_altar_1, uniq_natasha
D:4:      nicolae_cairo_tiling_large_dashed, layout_basic,
          nicolae_uskayaw_en_pointe, kennysheep_mini
D:5:      layout_basic, grunt_temple_overflow_open, nzn_wu_jian_contemplation,
          general_overflow_altar, nicolae_ossuary_entry_giza,
          minmay_misc_feat_more_columns, chequers_serial_rivers_micro_d,
          dk_noncrumbling_2, uniq_menkaure

Skill      XL: |  1  2  3  4  5  6  7 |
---------------+----------------------+-----
Spellcasting   | 3 4 5 |  5.4
Conjurations   | 5 6 7 |  7.6
Dodging        | |  1.7
Stealth        | |  1.7

Action                   |  1- 3 |  4- 6 |  7- 9 || total
-------------------------+-------+-------+-------++-------
Melee: Club              |       |    33 |    24 ||    57
       Hand axe          |       |     2 |       ||     2
       Tailslap          |       |     3 |     3 ||     6
Throw: Dart              |     3 |       |       ||     3
       Javelin           |     2 |       |       ||     2
 Cast: Magic Dart        |    76 |   124 |     2 ||   202
       Searing Ray       |     2 |     9 |     3 ||    14
  Use: Potion            |     1 |       |     1 ||     2
       Scroll            |       |     4 |       ||     4
 Stab: Sleeping          |       |     2 |       ||     2
Armor: Skin              |     9 |    16 |    14 ||    39
Dodge: Dodged            |    22 |    19 |    12 ||    53
Block: Buckler           |       |     1 |     2 ||     3

Table legend: (Time is in decaauts)
 A = Elapsed time spent in this place.
 B = Non-inter-level travel time spent in this place.
 C = Inter-level travel time spent in this place.
 D = Time resting spent in this place.
 E = Time spent auto-exploring this place.
 F = Levels seen in this place.
 G = Mean time per level.
                   A        B        C        D        E       F      G
               +--------+--------+--------+--------+--------+-----+--------+
         Total |   5568 |   5217 |    351 |    510 |   4058 |   5 | 1113.6 |
       Dungeon |   5568 |   5217 |    351 |    510 |   4058 |   5 | 1113.6 |
               +--------+--------+--------+--------+--------+-----+--------+

Top non-repeatable levels by time:
     D:1: 1673 daAuts
     D:3: 1331 daAuts
     D:4: 1245 daAuts
     D:2: 1130 daAuts
     D:5: 187 daAuts
